 Dungeon Crawl Stone Soup version 0.17.0-28-g6e173f8 (webtiles) character file.

379 PossumBlood the Covered (level 6, -4/55 HPs)
             Began as a Minotaur Fighter on Nov 26, 2015.
             Slain by wojtek's ghost (13 damage)
             ... on level 4 of the Dungeon.
             The game lasted 00:06:17 (2983 turns).

PossumBlood the Covered (Minotaur Fighter)          Turns: 2983, Time: 00:06:17

Health: -4/55      AC:  7    Str: 27    XL:     6   Next: 45%
Magic:  5/5        EV:  9    Int:  5    God:
Gold:   229        SH: 10    Dex: 10    Spells: 0 memorised, 5 levels left

rFire  . . .     SeeInvis .     a - +0 war axe
rCold  . . .     Clarity  .     b - +0 scale mail
rNeg   . . .     SustAt   .     c - +0 shield
rPois  .         Gourm    .     (helmet restricted)
rElec  .         Spirit   .     (no cloak)
rCorr  .         Warding  .     (no gloves)
rMut   .         Stasis   .     (no boots)
MR     .....                    (no amulet)
Stlth  ..........               (no ring)
                                (no ring)

@: mighty, not resistant to hostile enchantments, extremely unstealthy
A: retaliatory headbutt, horns 2
a: no special abilities


You were on level 4 of the Dungeon.
You were not hungry.

You visited 1 branch of the dungeon, and saw 4 of its levels.

You collected 229 gold pieces.

Inventory:

Hand Weapons
 a - a +0 war axe (weapon)
 r - a +5 spear
Missiles
 g - 2 javelins (quivered)
Armour
 b - a +0 scale mail (worn)
 c - a +0 shield (worn)
Magical Staves
 m - an uncursed staff of earth {unknown}
Scrolls
 f - 2 scrolls of remove curse
 i - a scroll of fear {unknown}
 j - a scroll of random uselessness {unknown}
 l - 2 scrolls of enchant armour {unknown}
 o - 5 scrolls of identify {unknown}
 q - a scroll of blinking {unknown}
 s - a scroll of fog {unknown}
 v - a scroll of immolation {unknown}
 w - a scroll of enchant weapon {unknown}
 x - a scroll of amnesia {unknown}
Potions
 h - 2 potions of resistance {unknown}
 n - 2 potions of flight {unknown}
Comestibles
 e - a bread ration
 k - a beef jerky
 t - 2 slices of pizza
 u - a meat ration


   Skills:
 + Level 4.9 Fighting
 + Level 4.2 Axes
 + Level 5.1 Armour
 + Level 3.2 Dodging
 - Level 0.1 Stealth
 + Level 4.9 Shields


You had 5 spell levels left.
You didn't know any spells.

Dungeon Overview and Level Annotations

Branches:
Dungeon (4/15)
 Temple: D:4-7

Altars:
Elyvilon
Makhleb
Nemelex Xobeh
Sif Muna

Annotations:
D:4 wojtek's ghost, amateur GrFi


Innate Abilities, Weirdness & Mutations

You reflexively headbutt those who attack you in melee.
You have a pair of horns on your head.


Message History

Drink which item? (? for menu, Esc to quit)
You feel very mighty all of a sudden. Wojtek's ghost hits you!
* * * LOW HITPOINT WARNING * * *
You completely miss wojtek's ghost. Your headbutt misses wojtek's ghost.
Wojtek's ghost is moderately damaged.
Wojtek's ghost screams, "I'll kill anyone who wants the ORB!"
Wojtek's ghost hits you!
* * * LOW HITPOINT WARNING * * *
Drink which item? (? for menu, Esc to quit)
It was a potion of curing.
You feel better. Wojtek's ghost hits you.
* * * LOW HITPOINT WARNING * * *
You hit wojtek's ghost. Your headbutt misses wojtek's ghost.
Wojtek's ghost is heavily damaged.
Wojtek's ghost barely misses you.
Read which item? (? for menu, Esc to quit)
As you read the scroll labeled YFFAB UW QUOS, it crumbles to dust.
You feel blessed for a moment.
It was a scroll of remove curse.
Wojtek's ghost hits you!
You die...

####..........#...#
+..........#...#
#..........#
#...............#
######..........#
#..........#
#..........#
#.......(..######
.(#########@....#
.. #W....# #.....#
#........ #........
#........ #........
#........


You could see wojtek's ghost.

Vanquished Creatures
  Sigmund (D:2)
  A hound (D:4)
  2 orc wizards
  5 adders
  An ooze (D:1)
  4 worms
  2 giant geckos
  7 orcs
  2 ball pythons
  7 giant cockroaches
  4 goblins
  4 hobgoblins
  8 jackals
  3 kobolds
  A quokka (D:3)
  8 bats
  4 giant newts
  8 rats
72 creatures vanquished.

Vanquished Creatures (others)
  A hobgoblin (D:2)
  A goblin (D:2)
  A rat (D:2)
3 creatures vanquished.

Grand Total: 75 creatures vanquished

Notes
Turn   | Place    | Note
--------------------------------------------------------------
     0 | D:1      | PossumBlood the Minotaur Fighter began the quest for the Orb.
     0 | D:1      | Reached XP level 1. HP: 19/19 MP: 0/0
   290 | D:1      | Reached skill level 4 in Fighting
   290 | D:1      | Reached XP level 2. HP: 24/27 MP: 1/1
   783 | D:2      | Reached XP level 3. HP: 33/33 MP: 2/2
   944 | D:2      | Reached skill level 1 in Dodging
   979 | D:2      | Found a deep blue altar of Sif Muna.
  1346 | D:2      | Reached XP level 4. HP: 41/41 MP: 3/3
  1446 | D:2      | Found a white marble altar of Elyvilon.
  1569 | D:2      | Noticed Sigmund
  1577 | D:2      | Killed Sigmund
  1577 | D:2      | Reached XP level 5. HP: 38/47 MP: 4/4
  1820 | D:2      | Found a burning altar of Makhleb.
  2044 | D:3      | Reached XP level 6. HP: 40/55 MP: 5/5
  2578 | D:3      | Found a sparkling altar of Nemelex Xobeh.
  2708 | D:4      | Reached skill level 5 in Armour
  2970 | D:4      | Noticed wojtek's ghost (amateur GrFi)
  2980 | D:4      | HP: 1/55 [wojtek's ghost (12)]
  2983 | D:4      | Slain by wojtek's ghost

Action                   |  1- 3 |  4- 6 || total
-------------------------+-------+-------++-------
Melee: War axe           |    87 |    82 ||   169
  Use: Potion            |       |     2 ||     2
       Scroll            |       |     1 ||     1
  Eat: Bread ration      |     1 |     1 ||     2
